 Dungeon Crawl Stone Soup version 0.28.0-45-g0d030f2227 (webtiles) character file.

Game seed: 18174307468234910106

89 101zpm the Caller (level 4, -7/24 HPs)
             Began as a Kobold Summoner on Apr 20, 2022.
             Mangled by an ogre
             ... wielding a +0 giant club
              (28 damage)
             ... on level 3 of the Dungeon.
             The game lasted 00:06:29 (5350 turns).

101zpm the Caller (Kobold Summoner)                 Turns: 5350, Time: 00:06:30

Health: -7/24      AC:  4    Str:  5    XL:     4   Next: 84%
Magic:  4/8        EV: 15    Int: 18    God:
Gold:   112        SH:  0    Dex: 15    Spells: 8/9 levels left

rFire   . . .      SeeInvis .   h - +0 trident
rCold   . . .      Faith    .   (shield currently unavailable)
rNeg    . . .      Spirit   .   a - +0 robe
rPois   .          Reflect  .   j - +0 helmet
rElec   .          Harm     .   (no cloak)
rCorr   .          Rampage  .   (no gloves)
Will    .....                   b - +0 pair of boots
Stlth   +++.......              (no amulet)
HPRegen 0.08/turn               (no ring)
MPRegen 0.11/turn               (no ring)

@: no status effects
A: small, no large weapons, nightstalker 3
a: no special abilities


You were on level 3 of the Dungeon.
You visited 1 branch of the dungeon, and saw 4 of its levels.

You collected 112 gold pieces.

Inventory:

Hand Weapons
 h - a +0 trident (weapon)
Armour
 a - a +0 robe (worn)
 b - a +0 pair of boots (worn)
 j - a +0 helmet (worn)
Wands
 q - a wand of acid (9)
Scrolls
 e - 3 scrolls of enchant weapon {unknown}
 f - 4 scrolls of teleportation {unknown}
 g - a scroll of amnesia {unknown}
 i - 3 scrolls of identify {unknown}
 m - a scroll of blinking {unknown}
 n - a scroll of vulnerability {unknown}
Potions
 c - a potion of might {unknown}
 d - a potion of cancellation {unknown}
 k - a potion of degeneration {unknown}
 l - 2 potions of curing {unknown}
 o - 2 potions of lignification {unknown}
 p - a potion of flight {unknown}


   Skills:
 + Level 0.3 Fighting
 + Level 0.4 Polearms
 + Level 2.9 Dodging
 + Level 3.4 Stealth
 + Level 0.4 Unarmed Combat
 + Level 3.2 Spellcasting
 + Level 4.6 Summonings


You had 8 spell levels left.
You knew the following spells:

 Your Spells              Type           Power      Damage    Failure   Level
a - Summon Small Mammal   Summ           76%        N/A       2%          1

Your spell library contained the following spells:

 Spells                   Type           Power      Damage    Failure   Level
 Call Imp                 Summ           19%        N/A       3%          2
 Call Canine Familiar     Summ           19%        N/A       7%          3
 Summon Guardian Golem    Hex/Summ       11%        N/A       19%         3
 Summon Lightning Spire   Summ/Air       11%        N/A       52%         4


Dungeon Overview and Level Annotations

Branches:
Dungeon (4/15)
 Temple: D:4-7

Altars:
Xom
Zin


Innate Abilities, Weirdness & Mutations

You are small and have problems with some larger weapons.
You are completely attuned to the shadows.


Message History

Casting: Summon Small Mammal (safe; 2% risk of failure)
Press: ? - help, Q - select action, (/) - cycle Dir - look around, f - activate The goblin shouts!
The goblin misses you.
You hear a shout!
Casting: Summon Small Mammal (safe; 2% risk of failure)
Press: ? - help, Q - select action, (/) - cycle Dir - look around, f - activate The goblin closely misses you.
You closely miss the goblin. The goblin hits you with a +0 club.
You closely miss the goblin. The goblin hits you but does no damage.
An ogre comes into view. It is wielding a +0 giant club.
You hit the goblin.
The goblin is severely wounded.
The goblin misses you.
You barely miss the goblin.
The goblin is severely wounded.
The goblin misses you. The goblin hits you with a +0 club.
You closely miss the goblin.
The goblin is severely wounded.
The goblin closely misses you.
You closely miss the goblin.
The goblin is severely wounded.
The goblin hits you with a +0 club.
You hit the goblin.
The goblin is severely wounded.
The goblin completely misses you. The goblin hits you with a +0 club.
You hit the goblin.
You kill the goblin!
You barely miss the ogre. The ogre barely misses you.
The ogre closely misses you.
You climb upwards.
Your summoned allies are left behind.
There is a stone staircase leading down here.
Casting: Summon Small Mammal (safe; 2% risk of failure)
Press: ? - help, Q - select action, (/) - cycle Dir - look around, f - activate The ogre closely misses you.
Casting: Summon Small Mammal (safe; 2% risk of failure)
Press: ? - help, Q - select action, (/) - cycle Dir - look around, f - activate The ogre hits you with a +0 giant club!!
Ouch! That really hurt!
You die...

...######....._..[.#
#..# #...#####..#
#..## #...#..)#..##
....# #...#...#...#
#.#.# #...#...#...#
..#.# #...#####.[.#
### # #....._.b...#
# ........#
#..O@r.## ..####.#
#.# # #.# # #.# #
####.# .. ##....# ##
#.###.# # #.# #.#


You could see an ogre (ally target), a friendly quokka (summoned) and a friendly
bat (summoned).

Vanquished Creatures
  An adder (D:3)
  A worm (D:3)
  2 endoplasms
  6 goblins
  3 hobgoblins
  A quokka (D:1)
  3 ball pythons
  A bat (D:1)
  2 frilled lizards
  A kobold (D:2)
  2 rats
23 creatures vanquished.

Vanquished Creatures (collateral kills)
  2 adders
  7 endoplasms (D:1)
  6 hobgoblins
  3 kobolds (D:1)
  A quokka (D:1)
  3 ball pythons (D:1)
  5 frilled lizards (D:1)
  3 goblins
30 creatures vanquished.

Vanquished Creatures (others)
  An angel (D:3)
  A bat (D:3)
2 creatures vanquished.

Grand Total: 55 creatures vanquished

Notes
Turn   | Place    | Note
-------+----------+-------------------------------------------
     0 | D:1      | 101zpm the Kobold Summoner began the quest for the Orb.
     0 | D:1      | Reached XP level 1. HP: 10/10 MP: 3/3
   920 | D:1      | Reached XP level 2. HP: 15/15 MP: 3/5
  1429 | D:1      | Found a faded altar of an unknown god.
  1611 | D:1      | Reached XP level 3. HP: 19/19 MP: 4/7
  3285 | D:2      | Reached XP level 4. HP: 19/24 MP: 6/8
  5112 | D:3      | Noticed an angel
  5116 | D:3      | Found a shimmering altar of Xom.
  5171 | D:3      | Killed an angel
  5259 | D:3      | Found a glowing silver altar of Zin.
  5339 | D:4      | Noticed an ogre
  5350 | D:3      | Mangled by an ogre

Illustrated notes

Levels and vault maps discovered:
D:1:      eino_arrival_cavern_a, layout_basic,
          hellmonk_ecumenical_altar_slurped_away, minmay_hexomino_c4
D:2:      layout_basic, kennysheep_boxes
D:3:      layout_loops_ring, grunt_temple_overflow_order_and_chaos_1,
          uniq_crazy_yiuf_cottage
D:4:      layout_loops_ring, minmay_shop_enchanted_jewellery

Skill      XL: |  1  2  3 |
---------------+----------+-----
Stealth        | 3 |  3.4
Spellcasting   | 3 |  3.2
Fighting       | |  0.3
Polearms       | |  0.4
Dodging        | |  2.9
Unarmed Combat | |  0.4
Summonings     | |  4.6

Action                   |  1- 3 |  4- 6 || total
-------------------------+-------+-------++-------
Melee: Unarmed           |    66 |       ||    66
       Trident           |    11 |    58 ||    69
       Punch             |     2 |       ||     2
 Cast: Summon Small Mamm |    51 |    32 ||    83
 Stab: Sleeping          |     7 |     5 ||    12
Armor: Robe              |    10 |     8 ||    18
Dodge: Dodged            |    62 |    23 ||    85
